 Dungeon Crawl Stone Soup version 0.25.0-9-g26727b657a (webtiles) character file.

Game seed: 12661799947971769546

8969 Curus the Basher (level 11, -16/151 HPs)
             Began as a Minotaur Berserker on June 17, 2020.
             Was a High Priest of Trog.
             Demolished by a merfolk
             ... wielding a +0 trident
              (18 damage)
             ... on level 2 of the Lair of Beasts.
             The game lasted 00:36:30 (10301 turns).

Curus the Basher (Minotaur Berserker)              Turns: 10301, Time: 00:36:31

Health: -16/151    AC: 16    Str: 22    XL:     11   Next: 16%
Magic:  12/12      EV:  7    Int:  7    God:    Trog [*****.]
Gold:   390        SH:  4    Dex: 10    Spells: 10/10 levels left

rFire    . . .     SeeInvis .   k - +0 flail
rCold    . . .     Gourm    .   l - +0 buckler
rNeg     . . .     Faith    .   r - +2 plate armour
rPois    .         Spirit   .   (helmet restricted)
rElec    .         Reflect  .   (no cloak)
rCorr    .         Harm     .   (no gloves)
MR       +....                  (no boots)
Stlth    ..........             (no amulet)
HPRegen  0.35/turn              y - ring of protection from magic
MPRegen  0.13/turn              (no ring)

@: berserking (expiring), very quick
A: retaliatory headbutt, horns 2
a: Berserk, Trog's Hand, Brothers in Arms, Renounce Religion


You were on level 2 of the Lair of Beasts.
You worshipped Trog.
Trog was extremely pleased with you.
You were not hungry.

You visited 2 branches of the dungeon, and saw 10 of its levels.

You collected 390 gold pieces.

Inventory:

Hand Weapons
 a - a +3 mace
 k - a +0 flail (weapon)
Armour
 b - a +0 animal skin
 e - a +0 ring mail
 l - a +0 buckler (worn)
 p - a +0 scale mail
 r - a +2 plate armour (worn)
Jewellery
 t - an uncursed ring of wizardry
 y - a ring of protection from magic (left hand)
Wands
 j - a wand of polymorph (1)
Scrolls
 f - 7 scrolls of identify
 h - a scroll of magic mapping
 i - 5 scrolls of remove curse
 o - 3 scrolls of teleportation
 q - 10 scrolls of immolation
 v - 2 scrolls of fear
 B - a scroll of blinking
Potions
 d - a potion of cancellation
 g - 2 potions of resistance
 m - a potion of might
 n - 3 potions of berserk rage
 s - a potion of invisibility
 u - a potion of haste
 w - a potion of curing
 x - 2 potions of flight
 z - 2 potions of stabbing
Comestibles
 c - 11 rations


   Skills:
 + Level 10.5 Fighting
 - Level 14.0 Maces & Flails
 + Level 10.2 Armour
 - Level 2.1 Dodging
 - Level 4.1 Shields
 - Level 3.0 Evocations


You had 10 spell levels left.
You didn't know any spells.
Your spell library was empty.

Dungeon Overview and Level Annotations

Branches:
Dungeon (8/15)             Temple (0/1) D:7            Lair (2/6) D:8
  Swamp: Lair:2-4    Shoals: Lair:2-4     Snake: Lair:2-4    Spider: Lair:2-4

Altars:
Dithmenos
Elyvilon
Fedhas
Gozag
Nemelex Xobeh
Okawaru
Sif Muna
Uskayaw
Vehumet
Yredelemnul
Zin

Annotations:
D:6 exclusion: statue
Lair:1 exclusion: oklob plant


Innate Abilities, Weirdness & Mutations

You reflexively headbutt those who attack you in melee.
You have a pair of horns on your head.


Message History

You barely miss the merfolk siren. Your headbutt misses the merfolk siren.
The merfolk siren is almost dead.
The merfolk siren hits you with a +2 vorpal spear!
* * * LOW HITPOINT WARNING * * *
x2 You are too berserk!
Unknown command.
You sock the merfolk siren!
You kill the merfolk siren!
Trog accepts your kill.
Trog appreciates your killing of a magic user.
The merfolk hits you but does no damage. x2
You closely miss the merfolk.
The merfolk is moderately wounded.
You barely miss the merfolk.
The merfolk is moderately wounded.
The merfolk closely misses you.
You sock the merfolk!
The merfolk is heavily wounded.
The merfolk hits you from afar with a +0 trident!!
You die...

##....PPP..P.....##
#..#..PPP.PP######
##.# #..PP..P#
#...###......#
...#..#..###
#+.#.##..#
#..†<...##
#)....P.# #@†....##
#m)m....##
#........#
#..##.#.## ###
##.## ###


You could see 2 merfolk.

Vanquished Creatures
  A hydra (Lair:2)
  3 death yaks (D:8)
  2 merfolk sirens (Lair:2)
  2 spiny frogs (Lair:1)
  A komodo dragon (Lair:1)
  2 hippogriffs
  A human (D:5)
  2 steam dragons (D:7)
  Eustachio (D:6)
  5 water moccasins
  3 porcupines
  2 orc warriors
  3 sky beasts
  4 ogres
  A phantom (D:4)
  An ice beast (D:7)
  4 crocodiles
  7 bullfrogs
  Blork the orc (D:5)
  3 scorpions (D:6)
  3 bullfrog zombies
  3 hounds
  A human zombie (D:5)
  3 jellies
  A gnoll shaman (D:8)
  8 orc priests
  8 orc wizards (D:6)
  Jessica (D:2)
  3 iguanas
  A hell rat (D:8)
  3 worker ants
  A hound zombie (D:6)
  A hound skeleton (D:8)
  8 gnolls
  A worker ant zombie (D:8)
  11 adders
  A shadow imp (D:6)
  An ooze (D:3)
  2 adder skeletons
  A dart slug (D:2)
  A leopard gecko (D:2)
  20 orcs
  3 ball pythons
  7 giant cockroaches
  6 goblins
  7 hobgoblins
  7 jackals
  3 kobolds
  7 quokkas
  6 bats
  3 frilled lizards
  A jackal skeleton (D:5)
  A leopard gecko skeleton (D:4)
  7 rats
  2 bushes (Lair:2)
192 creatures vanquished.

Notes
Turn   | Place    | Note
-------+----------+-------------------------------------------
     0 | D:1      | Curus the Minotaur Berserker began the quest for the Orb.
     0 | D:1      | Reached XP level 1. HP: 19/19 MP: 0/0
   166 | D:1      | Reached skill level 4 in Maces & Flails
   272 | D:1      | Reached XP level 2. HP: 26/26 MP: 1/1
   498 | D:1      | Reached skill level 5 in Maces & Flails
   502 | D:1      | Reached ** piety under Trog
   842 | D:2      | Reached XP level 3. HP: 24/31 MP: 2/2
   859 | D:2      | Noticed Jessica
   864 | D:2      | Killed Jessica
   864 | D:2      | Reached skill level 6 in Maces & Flails
   864 | D:2      | Reached XP level 4. HP: 19/39 MP: 3/3
  1249 | D:2      | Found a shadowy altar of Dithmenos.
  1250 | D:2      | Found a white marble altar of Elyvilon.
  1768 | D:3      | Reached skill level 7 in Maces & Flails
  1768 | D:3      | Reached XP level 5. HP: 44/45 MP: 4/4
  2271 | D:3      | Found a hide-covered altar of Uskayaw.
  2299 | D:3      | Found an opulent altar of Gozag.
  2398 | D:4      | Noticed a phantom
  2418 | D:4      | Reached *** piety under Trog
  2811 | D:4      | Reached skill level 8 in Maces & Flails
  2813 | D:4      | Reached XP level 6. HP: 32/51 MP: 5/5
  2933 | D:4      | Reached skill level 9 in Maces & Flails
  3584 | D:5      | Entered Level 5 of the Dungeon
  3587 | D:5      | Found a runed translucent door.
  3588 | D:5      | Noticed a human
  3589 | D:5      | Found a basalt altar of Yredelemnul.
  3605 | D:5      | Reached XP level 7. HP: 50/57 MP: 6/6
  3635 | D:5      | Killed a human
  3635 | D:5      | Reached skill level 10 in Maces & Flails
  3750 | D:5      | Found an iron altar of Okawaru.
  3918 | D:5      | Reached skill level 11 in Maces & Flails
  3977 | D:5      | Noticed Blork the orc
  3999 | D:5      | Killed Blork the orc
  4182 | D:5      | Reached XP level 8. HP: 51/64 MP: 7/7
  4301 | D:5      | Found a hide-covered altar of Uskayaw.
  4550 | D:6      | Reached skill level 12 in Maces & Flails
  4855 | D:6      | Noticed Eustachio
  5137 | D:6      | Killed Eustachio
  5137 | D:6      | Reached skill level 13 in Maces & Flails
  5199 | D:6      | Reached **** piety under Trog
  5298 | D:6      | Reached XP level 9. HP: 55/70 MP: 8/8
  5427 | D:6      | Found a sparkling altar of Nemelex Xobeh.
  5545 | D:6      | Found a radiant altar of Vehumet.
  5680 | D:6      | Found a sparkling altar of Nemelex Xobeh.
  5696 | D:6      | Reached skill level 14 in Maces & Flails
  5967 | D:7      | Found a staircase to the Ecumenical Temple.
  6324 | D:7      | Found a sparkling altar of Nemelex Xobeh.
  6328 | D:7      | Found a glowing silver altar of Zin.
  6348 | D:7      | Reached skill level 5 in Fighting
  6706 | D:7      | Reached skill level 5 in Armour
  7619 | D:8      | Found a staircase to the Lair.
  7620 | D:8      | Noticed a death yak
  7621 | D:8      | Noticed a death yak
  7621 | D:8      | Noticed a death yak
  7638 | D:8      | Killed a death yak
  7638 | D:8      | Reached XP level 10. HP: 45/88 MP: 9/9
  7647 | D:8      | Killed a death yak
  7647 | D:8      | Reached ***** piety under Trog
  7655 | D:8      | Killed a death yak
  7849 | Lair:1   | Entered Level 1 of the Lair of Beasts
  7950 | Lair:1   | Noticed a spiny frog
  7958 | Lair:1   | Killed a spiny frog
  7958 | Lair:1   | Reached skill level 1 in Shields
  7958 | Lair:1   | Reached skill level 1 in Evocations
  8188 | Lair:1   | Noticed a spiny frog
  8206 | Lair:1   | Killed a spiny frog
  8550 | Lair:1   | Found a shimmering blue altar of Sif Muna.
  8550 | Lair:1   | Noticed an oklob plant
  9867 | Lair:2   | Found a blossoming altar of Fedhas.
 10271 | Lair:2   | Noticed a four-headed hydra
 10277 | Lair:2   | Noticed a merfolk siren
 10282 | Lair:2   | Killed a four-headed hydra
 10282 | Lair:2   | Reached skill level 10 in Fighting
 10282 | Lair:2   | Reached XP level 11. HP: 64/100 MP: 12/12
 10287 | Lair:2   | Reached skill level 10 in Armour
 10297 | Lair:2   | HP: 3/151 [merfolk siren/+2 vorpal spear (9)]
 10297 | Lair:2   | HP: 1/151 [merfolk siren/+2 vorpal spear (2)]
 10301 | Lair:2   | Demolished by a merfolk

Illustrated notes

Levels and vault maps discovered:
D:1:      dpeg_arrival_renting, layout_loops_ring
D:2:      layout_basic, gammafunk_temple_overflow_pools, minivault_25,
          kennysheep_jessica_study
D:3:      layout_loops_ring, amethyst_overflow_temple_binary, first_ration
D:4:      layout_rooms, kennysheep_nub
D:5:      layout_rooms, okawaru_ov_weapons_minmay, basic_altar,
          dk_yredelemnul_ordeal, uniq_blork_the_orc
D:6:      layout_loops_ring, vehumet_statue, basic_altar,
          nemelex_diamond_rough_becter, uniq_eustachio
D:7:      kennysheep_steamy, layout_loops_ring, grunt_temple_overflow_open,
          minmay_temple_entry_statues_fountains
D:8:      layout_gridville, dpeg_lair_monsters
Lair:1:   layout_cave_pods, lemuel_oklob_altar
Lair:2:   layout_roguey, elwin_shoals_entry_stream, basic_altar, serial_forest,
          infiniplex_forest_lined_2, infiniplex_forest_end_2,
          infiniplex_forest_clump_small, infiniplex_forest_clump_small,
          infiniplex_forest_end_1, infiniplex_forest_lined_2,
          infiniplex_forest_end_3, infiniplex_forest_corner_1,
          infiniplex_forest_clump_medium, lemuel_fruit_fields

Skill      XL: |  1  2  3  4  5  6  7  8  9 10 11 |
---------------+----------------------------------+-----
Maces & Flails | 4 5 6 7 8 9 11 13 14 | 14.0
Fighting       | 8 10 | 10.5
Armour         | 7 9 10 | 10.2
Shields        | 4 |  4.1
Evocations     | 3 |  3.0
Dodging        | |  2.1

Action                   |  1- 3 |  4- 6 |  7- 9 | 10-12 || total
-------------------------+-------+-------+-------+-------++-------
Melee: Mace              |    55 |    57 |       |       ||   112
       Headbutt          |     3 |    18 |    72 |    54 ||   147
       Flail             |       |    94 |   373 |   203 ||   670
Invok: Berserk           |     1 |     2 |     6 |     1 ||    10
       Trog's Hand       |       |       |     1 |     1 ||     2
Evoke: Wand              |       |       |     1 |       ||     1
  Use: Scroll            |     5 |     5 |     1 |     6 ||    17
       Potion            |     2 |     7 |     3 |       ||    12
 Stab: Invisible         |       |     1 |       |       ||     1
  Eat: Chunk             |       |    12 |    18 |     5 ||    35
       Ration            |       |       |       |     2 ||     2
Armor: Ring mail         |    24 |    34 |    12 |       ||    70
       Scale mail        |       |       |    18 |       ||    18
       Plate armour      |       |       |   107 |    68 ||   175
Dodge: Dodged            |    26 |    85 |    92 |    33 ||   236
Block: Buckler           |       |       |    35 |    17 ||    52
